[Event "Panchenko Memorial-B 2020"]
[Site "Chelyabinsk"]
[Date "2020.09.07"]
[Round "1.3"]
[White "Kovaleva, Ekaterina"]
[Black "Guseva, Marina"]
[Result "0-1"]
[ECO "B18"]
[WhiteElo "1959"]
[BlackElo "2378"]
[Annotator "ChessBase"]
[PlyCount "100"]
[EventDate "2020.09.07"]
[EventType "swiss"]
[EventCountry "RUS"]
[SourceTitle "playchess.com"]
[Source "ChessBase"]
[SourceQuality "1"]
[TimeControl "5400+30"]

1. e4 c6 2. d4 d5 3. Nc3 dxe4 4. Nxe4 Bf5 5. Ng3 Bg6 6. Bc4 e6 7. N1e2 Nf6 8. O-O Bd6 9. f4 Qd7 10. c3 O-O 11. Bd3 Bxd3 12. Qxd3 g6 13. f5 exf5 14. Nxf5 gxf5 15. Rxf5 Ne8 16. Bh6 f6 17. Bxf8 Bxf8 18. Ng3 Qe6 19. Rh5 Qf7 20. Re1 Nd7 21. Re4 Nd6 22. Rg4+ Kh8 23. Rgh4 h6 24. Qd2 Kg8 25. Rg4+ Kh7 26. c4 Re8 27. c5 Nc4 28. Qc1 Ne3 29. Rgh4 Qg6 30. Rf4 f5 31. Rf3 Nf6 32. Rh4 Nfd5 33. Qb1 Bg7 34. Rf2 f4 35. Qxg6+ Kxg6 36. Ne2 Kg5 37. g3 fxg3 38. hxg3 Ng4 39. Rf7 Bf6 40. Nc3 Bxd4+ 41. Kg2 Nxc3 42. bxc3 Bxc3 43. Rxb7 Re2+ 44. Kf3 Re3+ 45. Kg2 Be5 46. Rb3 Re2+ 47. Kf3 Rf2+ 48. Ke4 Bxg3 49. Rh1 Rf4+ 50. Kd3 Nf2+ 0-1

[Event "Panchenko Memorial-B 2020"]
[Site "Chelyabinsk"]
[Date "2020.09.07"]
[Round "1.4"]
[White "Garifullina, Leya"]
[Black "Arbynova, Agniya"]
[Result "1-0"]
[ECO "C42"]
[WhiteElo "2357"]
[BlackElo "1831"]
[Annotator "ChessBase"]
[PlyCount "95"]
[EventDate "2020.09.07"]
[EventType "swiss"]
[EventCountry "RUS"]
[SourceTitle "playchess.com"]
[Source "ChessBase"]
[SourceQuality "1"]
[TimeControl "5400+30"]

1. e4 e5 2. Nf3 Nf6 3. Nxe5 d6 4. Nf3 Nxe4 5. d4 d5 6. Bd3 Be7 7. O-O O-O 8. Re1 Bg4 9. Bxe4 dxe4 10. Rxe4 f5 11. Re1 Nc6 12. c3 Qd5 13. Nbd2 Bg5 14. Qb3 Qxb3 15. Nxb3 Bxc1 16. Raxc1 Bxf3 17. gxf3 Rae8 18. Nc5 b6 19. Na6 Rc8 20. Re2 Rfd8 21. Rce1 Nb8 22. Nxb8 Rxb8 23. Re7 Rbc8 24. Kg2 Rd6 25. h4 Rg6+ 26. Kh3 Rf6 27. Rd7 Rf7 28. Ree7 Rxe7 29. Rxe7 Kf8 30. Rd7 a5 31. a4 c5 32. d5 Rb8 33. c4 Re8 34. Rb7 Re2 35. Rxb6 Rxf2 36. Kg3 Rc2 37. b3 Rc3 38. Rb7 Rd3 39. Kf4 h6 40. h5 Ke8 41. Rb5 Kd7 42. Rxa5 Rxb3 43. Rxc5 Ra3 44. a5 Ke7 45. Rc7+ Kf6 46. Rc6+ Ke7 47. a6 Kd7 48. Rg6 1-0

[Event "Panchenko Memorial-B 2020"]
[Site "Chelyabinsk"]
[Date "2020.09.07"]
[Round "1.5"]
[White "Komissarova, Soigina"]
[Black "Tomilova, Elena"]
[Result "0-1"]
[ECO "A22"]
[WhiteElo "1827"]
[BlackElo "2353"]
[Annotator "ChessBase"]
[PlyCount "84"]
[EventDate "2020.09.07"]
[EventType "swiss"]
[EventCountry "RUS"]
[SourceTitle "playchess.com"]
[Source "ChessBase"]
[SourceQuality "1"]
[TimeControl "5400+30"]

1. c4 e5 2. Nc3 Nf6 3. g3 c6 4. Bg2 d5 5. cxd5 cxd5 6. d4 exd4 7. Qxd4 Nc6 8. Qa4 d4 9. Ne4 Nxe4 10. Bxe4 Bb4+ 11. Kf1 Qb6 12. Kg2 O-O 13. Nf3 Re8 14. Qc2 h6 15. a3 Be7 16. b4 Bf6 17. Bb2 a5 18. bxa5 Nxa5 19. Bd3 Bd7 20. Rab1 Rac8 21. Qd1 Qe6 22. h4 Bc6 23. Re1 Nc4 24. Bxc4 Qxc4 25. Rc1 Qd5 26. Qd2 Rcd8 27. Qd3 Bb5 28. Qd2 Qe6 29. Kh2 Qf5 30. Kg2 Bc6 31. Rc4 Re4 32. Kg1 Bb5 33. Rc7 Bc6 34. Qb4 Qd5 35. Rxc6 bxc6 36. Nd2 Ree8 37. Qa4 Qa2 38. Nc4 Ra8 39. Qb4 c5 40. Qb5 Reb8 41. Qxc5 Rc8 42. Ra1 Qxa1+ 0-1

[Event "Panchenko Memorial-B 2020"]
[Site "Chelyabinsk"]
[Date "2020.09.08"]
[Round "2.2"]
[White "Zherebtsova, Alexandra"]
[Black "Bivol, Alina"]
[Result "0-1"]
[ECO "D85"]
[WhiteElo "2187"]
[BlackElo "2386"]
[Annotator "RC"]
[PlyCount "72"]
[EventDate "2020.09.07"]
[EventType "swiss"]
[EventCountry "RUS"]
[SourceTitle "playchess.com"]
[Source "ChessBase"]
[SourceQuality "1"]
[TimeControl "5400+30"]

1. d4 Nf6 2. c4 g6 3. Nc3 d5 4. cxd5 Nxd5 5. Bd2 Nb6 6. Bg5 Bg7 7. Nf3 h6 8. Bh4 c5 9. dxc5 Bxc3+ 10. bxc3 Qxd1+ 11. Rxd1 Na4 12. Rd4 Nxc5 13. e3 Nc6 14. Bb5 Bd7 15. Rd5 Ne6 16. Ba4 Rc8 17. O-O Nb8 18. Bxd7+ Nxd7 19. Rfd1 Ndc5 20. Nd4 f6 21. f3 Kf7 22. Be1 b6 23. Ne2 h5 24. e4 Rc7 25. Kf2 Rhc8 26. Ke3 Na4 27. Rb1 a6 28. f4 Rc4 29. f5 gxf5 30. Rxf5 Ng5 31. Rf4 b5 32. Rd1 R8c5 33. g4 e5 34. Rf5 Rxe4+ 35. Kf2 Rxg4 36. Ng3 Ke6 0-1

[Event "Panchenko Memorial-B 2020"]
[Site "Chelyabinsk"]
[Date "2020.09.08"]
[Round "2.4"]
[White "Chigaeva, Anastasia"]
[Black "Garifullina, Leya"]
[Result "0-1"]
[ECO "E19"]
[WhiteElo "2175"]
[BlackElo "2357"]
[Annotator "ChessBase"]
[PlyCount "130"]
[EventDate "2020.09.07"]
[EventType "swiss"]
[EventCountry "RUS"]
[SourceTitle "playchess.com"]
[Source "ChessBase"]
[SourceQuality "1"]
[TimeControl "5400+30"]

1. d4 Nf6 2. c4 e6 3. Nf3 b6 4. g3 Ba6 5. Qa4 Bb7 6. Bg2 Be7 7. O-O O-O 8. Nc3 Ne4 9. Qc2 Nxc3 10. Qxc3 c5 11. dxc5 bxc5 12. Rd1 d6 13. Bf4 Qc7 14. Qc2 h6 15. e4 Nc6 16. a3 a5 17. b3 a4 18. bxa4 e5 19. Bd2 Ra7 20. Rab1 Rfa8 21. Qb3 Bc8 22. a5 Nxa5 23. Bxa5 Rxa5 24. Rd3 Qa7 25. Ne1 Be6 26. Nc2 Ra4 27. Rc3 Qa6 28. Qb7 Qa5 29. Qb3 Kh7 30. h4 Bd8 31. Ne3 Rxa3 32. Qxa3 Qxa3 33. Rxa3 Rxa3 34. Rb8 Ba5 35. Ra8 Ra1+ 36. Kh2 Bc3 37. Rxa1 Bxa1 38. Nd5 Bxd5 39. exd5 f5 40. h5 g6 41. hxg6+ Kxg6 42. Bf1 Kg5 43. Kg2 h5 44. Kf3 Bd4 45. Bh3 e4+ 46. Kg2 f4 47. gxf4+ Kxf4 48. Bd7 Bf6 49. Be8 h4 50. Bd7 Ke5 51. Bg4 Kd4 52. Be2 Kc3 53. Bf1 Bd4 54. Be2 Kd2 55. Bg4 Kd3 56. Bf5 Kxc4 57. Bxe4 Bf6 58. Kf1 Kd4 59. Bg2 Kc3 60. Ke1 c4 61. Bf1 Kb3 62. Kd1 c3 63. Bd3 Kb2 64. f4 h3 65. Be4 h2 0-1

[Event "Panchenko Memorial-B 2020"]
[Site "Chelyabinsk"]
[Date "2020.09.08"]
[Round "2.5"]
[White "Tomilova, Elena"]
[Black "Petrukhina, Olga"]
[Result "1-0"]
[ECO "D37"]
[WhiteElo "2353"]
[BlackElo "2134"]
[Annotator "ChessBase"]
[PlyCount "107"]
[EventDate "2020.09.07"]
[EventType "swiss"]
[EventCountry "RUS"]
[SourceTitle "playchess.com"]
[Source "ChessBase"]
[SourceQuality "1"]
[TimeControl "5400+30"]

1. d4 d5 2. c4 e6 3. Nc3 Be7 4. Nf3 Nf6 5. Bf4 O-O 6. e3 Nbd7 7. c5 Nh5 8. Bd3 Nxf4 9. exf4 c6 10. O-O b6 11. b4 a5 12. a3 Ba6 13. g3 Bf6 14. Bxa6 Rxa6 15. Qd3 Qa8 16. Rab1 axb4 17. axb4 Ra3 18. Rfc1 g6 19. Ne5 Bxe5 20. fxe5 bxc5 21. bxc5 Rb8 22. Qc2 Rxb1 23. Qxb1 Qa5 24. Qb2 h5 25. h4 Kg7 26. Kg2 Kg8 27. Nb1 Ra1 28. Rc2 Qa6 29. Rc3 Ra2 30. Qb3 Ra4 31. Rd3 Rb4 32. Qxb4 Qxd3 33. Nc3 Nf8 34. Na4 Qe4+ 35. Kg1 Qg4 36. Qd2 Nh7 37. Nc3 g5 38. Qd1 gxh4 39. Qxg4+ hxg4 40. gxh4 f6 41. exf6 Nxf6 42. Kg2 Nd7 43. Na4 e5 44. Nb6 Nf6 45. dxe5 Ne4 46. Nxd5 Nxc5 47. Ne7+ Kf7 48. Nxc6 Ke6 49. h5 Kf5 50. h6 Kg6 51. Nd8 Kxh6 52. e6 Ne4 53. e7 Nf6 54. Nf7+ 1-0

[Event "Panchenko Memorial-B 2020"]
[Site "Chelyabinsk"]
[Date "2020.09.15"]
[Round "9.1"]
[White "Bodnaruk, Anastasia"]
[Black "Maltsevskaya, Aleksandra"]
[Result "1-0"]
[ECO "B12"]
[WhiteElo "2411"]
[BlackElo "2272"]
[Annotator "RC"]
[PlyCount "97"]
[EventDate "2020.09.07"]
[EventType "swiss"]
[EventCountry "RUS"]
[SourceTitle "playchess.com"]
[Source "ChessBase"]
[SourceQuality "1"]
[TimeControl "5400+30"]

1. e4 c6 2. d4 d5 3. e5 Bf5 4. Nf3 e6 5. Be2 c5 6. O-O Nc6 7. c3 Bg6 8. Be3 cxd4 9. Nxd4 Nge7 10. f4 Nxd4 11. cxd4 Nc6 12. a3 Be7 13. b4 O-O 14. Nc3 Rc8 15. Qd2 Qd7 16. Rfc1 a6 17. Na4 Nxd4 18. Nb6 Rxc1+ 19. Rxc1 Nxe2+ 20. Qxe2 Qb5 21. Qxb5 axb5 22. Nc8 Bd8 23. Bc5 Re8 24. Nd6 Re7 25. Ba7 Rc7 26. Rxc7 Bxc7 27. Nxb5 Bd8 28. Nd6 b6 29. a4 Bc2 30. a5 bxa5 31. Nb7 Be7 32. bxa5 Bd3 33. Bc5 Kf8 34. Kf2 Ke8 35. Bxe7 Kxe7 36. Ke3 Ba6 37. Nc5 Bb5 38. Kd4 f6 39. a6 g5 40. g3 h6 41. a7 Bc6 42. Na4 gxf4 43. gxf4 fxe5+ 44. fxe5 Kd7 45. Nb6+ Kc7 46. Kc5 d4 47. a8=Q Bxa8 48. Nxa8+ Kb7 49. Kxd4 1-0